 Dungeon Crawl Stone Soup version 0.29-a0-648-g6b26cc9f40 (webtiles) character file.

Game seed: 1853259529486262403

198666 skullybones the Eclecticist (level 17, -11/129 HPs)
             Began as a Mummy Necromancer on June 20, 2022.
             Was a Priest of Ashenzari.
             Mangled by a naga
             ... wielding a +0 long sword
              (28 damage)
             ... on level 3 of the Snake Pit on June 21, 2022.
             The game lasted 02:08:38 (40729 turns).

skullybones the Eclecticist (Mummy Necromancer)    Turns: 40729, Time: 02:08:39

Health: -11/129    AC: 16    Str: 11    XL:     17   Next: 82%
Magic:  8/49       EV:  8    Int: 25    God:    Ashenzari [***...]
Gold:   2724       SH:  8    Dex: 14    Spells: 1/52 levels left

rFire   . . .      SeeInvis +   n - staff of death {!a}
rCold   + + .      Faith    .   g - +3 warlock's mirror {reflect}
rNeg    + + +      Spirit   .   P - +2 robe of Star-Bound Wisdom {rC+, Elem, Alch} (curse)
rPois   ∞          Reflect  +   e - +3 hat of Pondering {ponderous, Will+ MP+10 Int+5, Comp, Bglg} (curse)
rElec   +          Harm     .   X - +2 ratskin cloak {*Rats rPois rN+ Str-1 Int-1 Dex+1}
rCorr   .          Rampage  .   l - +0 pair of gloves "Behold Eternity" {Stlth+, Alch, Comp} (curse)
Will    +++..      Clarity  +   h - +0 pair of boots "Share My Paranoia" {Self, Evo} (curse)
Stlth   +++.......              I - amulet of magic regeneration
HPRegen 0.31/turn               z - ring of Wyg Dats {Wiz rElec rF+}
MPRegen 0.71/turn               O - ring of the Cursed Sun {AC+4, Bglg, Alch} (curse)

@: animating dead, constricted, slow
A: cold resistance 1, negative energy resistance 3, torment resistance 2, heat
vulnerability 1, in touch with death 2, no potions
}: 1/15 runes: barnacled
a: Renounce Religion, Curse Item, Shatter the Chains


You were on level 3 of the Snake Pit.
You worshipped Ashenzari.
Ashenzari was most pleased with you.
You visited 6 branches of the dungeon, and saw 31 of its levels.
You visited 1 bazaar.

You collected 3525 gold pieces.
You spent 801 gold pieces at shops.


Innate Abilities, Weirdness & Mutations

You are immune to poison.
Your flesh is cold resistant. (rC+)
You are immune to negative energy. (rN+++)
You are immune to unholy pain and torment.
You are vulnerable to heat. (rF-)
You are strongly in touch with the powers of death.
You do not drink.


   Skills:
 - Level 8.7(10.3) Fighting
 - Level 1.5 Dodging
 - Level 2.1 Stealth
 - Level 5.0 Shields
 - Level 16.6(18.0) Spellcasting
 + Level 7.5(10.0) Conjurations
 + Level 8.1(10.6) Hexes
 - Level 12.6(15.0) Summonings
 - Level 15.6(18.0) Necromancy
 - Level 8.7(12.0) Transmutations
 - Level 6.7(8.3) Air Magic
 - Level 6.1(9.3) Poison Magic


You had one spell level left.
You knew the following spells:

 Your Spells              Type           Power      Damage    Failure   Level
a - Necrotize             Necr           100%       1d9       0%          1
d - Animate Dead          Necr           100%       N/A       0%          4
e - Airstrike             Air            29%        N/A       1%          4
h - Summon Hydra          Summ           39%        N/A       1%          7
m - Mephitic Cloud        Conj/Pois/Air  62%        N/A       1%          3
o - Olgreb's Toxic Radia  Pois           62%        N/A       1%          4
s - Summon Lightning Spi  Summ/Air       69%        N/A       1%          4
v - Vampiric Draining     Necr           100%       2d13      0%          3
A - Agony                 Necr           100%       N/A       1%          5
M - Monstrous Menagerie   Summ           39%        N/A       1%          7
S - Summon Mana Viper     Hex/Summ       72%        N/A       1%          5
X - Anguish               Hex/Necr       71%        N/A       1%          4

Your spell library contained the following spells:

 Spells                   Type           Power      Damage    Failure   Level
 Magic Dart               Conj           100%       1d8       1%          1
 Slow                     Hex            100%       N/A       1%          1
 Call Imp                 Summ           78%        N/A       0%          2
 Confusing Touch          Hex            66%        N/A       1%          3
 Dazzling Flash           Conj/Hex       100%       N/A       1%          3
 Inner Flame              Hex/Fire       49%        N/A       1%          3
 Cause Fear               Hex            33%        N/A       1%          4
 Iskenderun's Mystic Bla  Conj/Tloc      48%        2d11      1%          4
 Summon Ice Beast         Ice/Summ       57%        N/A       1%          4
 Iskenderun's Battlesphe  Conj           64%        2d11      1%          5
 Lightning Bolt           Conj/Air       31%        1d48      1%          5
 Gell's Gravitas          Tloc           24%        N/A       3%          3
 Lesser Beckoning         Tloc           24%        N/A       3%          3
 Teleport Other           Tloc           24%        N/A       3%          3
 Fireball                 Conj/Fire      24%        3d11      4%          5
 Conjure Ball Lightning   Conj/Air       31%        3x3d10    4%          6
 Enfeeble                 Hex            33%        N/A       12%         7
 Orb of Destruction       Conj           32%        9d10      16%         7
 Starburst                Conj/Fire      24%        6d8       21%         6
 Discord                  Hex            33%        N/A       65%         8
 Ozocubu's Refrigeration  Ice            11%        4d7       100%        7
 Ignition                 Fire           11%        3d5       100%        8
 Beastly Appendage        Tmut           Unusable   N/A       N/A         1
 Sublimation of Blood     Necr           Unusable   N/A       N/A         2
 Wereblood                Tmut           Unusable   N/A       N/A         2
 Spider Form              Tmut/Pois      Unusable   N/A       N/A         3

Inventory:

Hand Weapons
 b - a +2 dagger of electrocution
   (You took it off a kobold on level 1 of the Dungeon)
 d - a +2 dagger of freezing
   (You took it off a goblin on level 1 of the Dungeon)
 K - the +6 short sword of the Queen {vorpal, SInv}
   (You found it on level 4 of the Shoals)

   It inflicts extra damage upon your enemies.
   SInv:      It lets you see invisible.
 U - the +1 flail of Propriety {venom, rN+ Str+7 SInv}
   (You found it on level 10 of the Dungeon)

   It poisons the flesh of those it strikes.
   Str:       It affects your strength (+7).
   rN:        It protects you from negative energy.
   SInv:      It lets you see invisible.
Missiles
 a - 3 throwing nets {=f!f}
 i - 60 poisoned darts
 j - 14 javelins
 w - 121 stones
 x - 38 boomerangs
 E - 5 curare-tipped darts {=f}
 V - 5 datura-tipped darts
Armour
 e - the cursed +3 hat of Pondering (worn) {ponderous, Will+ MP+10 Int+5, Comp, Bglg}
   (You acquired it on level 2 of the Dungeon)

   Int:       It affects your intelligence (+5).
   MP:        It affects your magic capacity (+10).
   Will:      It increases your willpower.
   It has a curse which improves the following skills: Companions: Summonings
   and Necromancy.
   Beguiling: Conjurations, Hexes and Translocations.
 g - the +3 warlock's mirror (worn) {reflect}
   (You acquired it on level 2 of the Dungeon)

   It can block and reflect piercing ranged attacks and magical attacks against
   the wielder's willpower.
 h - the cursed +0 pair of boots "Share My Paranoia" (worn) {Self, Evo}
   (You found it on level 1 of the Dungeon)

   It has a curse which improves the following skills: Introspection: Fighting
   and Spellcasting.
   Evocations: Evocations.
 l - the cursed +0 pair of gloves "Behold Eternity" (worn) {Stlth+, Alch, Comp}
   (You found it on level 1 of the Dungeon)

   It has a curse which improves the following skills: Alchemy: Poison Magic and
   Transmutations.
   Companions: Summonings and Necromancy.
 o - the +1 pair of boots of Leec {Harm Will+ Regen+}
   (You found it on level 1 of the Snake Pit)

   Regen:     It increases your rate of health regeneration.
   Harm:      It increases damage dealt and taken.
   Will:      It increases your willpower.
 N - a +2 robe of fire resistance
   (You took it off Erica on level 1 of the Orcish Mines)
 P - the cursed +2 robe of Star-Bound Wisdom (worn) {rC+, Elem, Alch}
   (You took it off an orc wizard on level 8 of the Dungeon)

   It has a curse which improves the following skills: Elements: Fire Magic, Ice
   Magic, Air Magic and Earth Magic.
   Alchemy:   Poison Magic and Transmutations.
 X - the +2 ratskin cloak (worn) {*Rats rPois rN+ Str-1 Int-1 Dex+1}
   (You found it on level 5 of the Dungeon)

   When the wearer is hurt, rats may emerge from it to assist them.
   Str:       It affects your strength (-1).
   Int:       It affects your intelligence (-1).
   Dex:       It affects your dexterity (+1).
   rPois:     It protects you from poison.
   rN:        It protects you from negative energy.
Magical Staves
 n - a staff of death (weapon) {!a}
   (You found it on level 2 of the Dungeon)
Jewellery
 f - a ring of protection from fire
   (You found it on level 9 of the Dungeon)
 z - the ring of Wyg Dats (left hand) {Wiz rElec rF+}
   (You acquired it on level 5 of the Lair of Beasts)

   [ring of wizardry]

   It improves your spell success rate.
   rF:        It protects you from fire.
   rElec:     It insulates you from electricity.
 F - a ring of willpower
   (You found it on level 1 of the Snake Pit)
 I - an amulet of magic regeneration (around neck)
   (You found it on level 5 of the Dungeon)
 L - a ring of flight
   (You found it on level 5 of the Dungeon)
 O - the cursed ring of the Cursed Sun (right hand) {AC+4, Bglg, Alch}
   (You found it on level 4 of the Lair of Beasts)

   [ring of protection]

   AC:        It affects your AC (+4).
   It has a curse which improves the following skills: Beguiling: Conjurations,
   Hexes and Translocations.
   Alchemy:   Poison Magic and Transmutations.
 R - the ring "Batavon" {Fire rPois Str-5 Int+2 Dex+2}
   (You found it on level 6 of the Lair of Beasts)

   [ring of fire]

   It enhances your fire magic.
   Str:       It affects your strength (-5).
   Int:       It affects your intelligence (+2).
   Dex:       It affects your dexterity (+2).
   rF:        It protects you from fire.
   rC:        It makes you vulnerable to cold.
   rPois:     It protects you from poison.
 S - the amulet of Tiniergh {Reflect Rampage rF++ Str+6 SH+5}
   (You bought it in a shop in a bazaar)

   [amulet of reflection]

   It reflects blocked missile attacks.
   Str:       It affects your strength (+6).
   rF:        It greatly protects you from fire.
   SH:        It affects your SH (+5).
   Rampage:   It bestows one free step when moving towards enemies.
 W - a ring of magical power
   (You found it on level 11 of the Dungeon)
Wands
 k - a wand of iceblast (47)
   (You found it on level 5 of the Dungeon)
 r - a wand of mindburst (14)
   (You found it on level 2 of the Dungeon)
 v - a wand of flame (27)
   (You found it on level 2 of the Lair of Beasts)
 C - a wand of acid (13)
   (You found it on level 6 of the Lair of Beasts)
 D - a wand of digging (5)
   (You found it on level 1 of the Snake Pit)
 G - a wand of polymorph (17)
   (You found it on level 6 of the Lair of Beasts)
 Z - a wand of paralysis (9)
   (You found it on level 12 of the Dungeon)
Scrolls
 c - 12 scrolls of teleportation {@r4}
 m - 3 scrolls of fog
 p - a scroll of silence {!r}
 q - a scroll of summoning
 s - 2 scrolls of fear
 t - 6 scrolls of vulnerability {!r!r}
 u - 3 scrolls of poison
 y - 6 scrolls of enchant weapon
 A - 5 scrolls of immolation {!r!r}
 B - 2 scrolls of torment
 H - 5 scrolls of brand weapon
 Q - 9 scrolls of magic mapping {!r}
 T - a scroll of blinking {!r}
 Y - 5 scrolls of enchant armour
Potions
 M - 2 potions of mutation
Miscellaneous
 J - a phantom mirror
   (You found it on level 2 of the Snake Pit)

Dungeon Overview and Level Annotations

Branches:
Dungeon (15/15) Zot: 25514  Temple (1/1) D:6 Zot: 5697    Lair (6/6) D:8 Zot: 25160
 Shoals (4/4) Lair:2 Zot: 18726   Snake (3/4) Lair:4 Zot: 15421   Slime (0/5) Lair:5
    Orc (2/2) D:10 Zot: 8798     Elf (0/3) Orc:2        Vaults (0/5) D:13
 Depths (0/4) D:15

Altars:
Ashenzari
Cheibriados
Dithmenos
Elyvilon
Fedhas
Gozag
Hepliaklqana
Kikubaaqudgha
Makhleb
Nemelex Xobeh
Okawaru
Qazlal
Ru
Sif Muna
Trog
Uskayaw
Vehumet
Wu Jian
Xom
Yredelemnul
Zin
The Shining One
Beogh
Jiyva
Lugonu

Shops:
D:1 =   D:4 *   D:8 (   D:9 =   Orc:2 ([*=   Shoals:1 !*(**   Shoals:4 !
Snake:2 *[(

Portals:
Abyss: Lair:4
Trove: D:12 (show abyssal rune of Zot)

Annotations:
D:6 exclusions: upstairs and 2 more exclusions
D:7 exclusion: door
D:10 exclusion: gargoyle
Lair:4 3 runed translucent doors, Daelid's ghost, journeyman MfGl

#.............).....#
###.#......#...<....#
# #.Z...##...........
##Z..###.......###.
*{ ##Z## #......## ,
** * #.# #.....## , .
*#.# ###.### *
,....##)### #.# ,
.....S§Z@N# #. * ,
,....§##S#N# ,, , ,
.§.N #Z#Z# * * ...
#.#.# * * * ..* #.#..
. #.#.# * *, #.#.# #.
.#


You could see a black mamba (ally target, anguished), 2 nagas, 2 friendly naga
zombies, 2 friendly naga warrior zombies, a friendly guardian serpent zombie and
a friendly salamander zombie.


Message History

Confirm with . or Enter, or press ? or * to list all spells.
Casting: Anguish (safe; 1% risk of failure)
Press: ? - help, Dir - look around, f - activate You feel a huge surge of power!
The naga resists with some effort.
The salamander hits you with a +0 glaive!
You are engulfed in flames!
* * * LOW HITPOINT WARNING * * *
The salamander is wracked by anguish!!
The salamander dies!
The dead are walking!
The guardian serpent hits your lightning spire but does no damage.
The naga closely misses you. The naga grabs you. The naga constricts you.
The naga warrior hits you with a +0 war axe!
* * * LOW HITPOINT WARNING * * *
The naga warrior hits your eight-headed hydra with a +0 war axe!!
The naga warrior hits your lightning spire with a +0 war axe!
The naga warrior is wracked by anguish!!!
Your eight-headed hydra bites the naga warrior!
The naga warrior dies!
The dead are walking! 😨 HP[-37] MP[-4]
You take 37 damage, and now have 46/129 hp.
MASSIVE DAMAGE!! (PAUSE)
You lost 4 mp, and now have 16/49 mp.
Casting: Anguish (safe; 1% risk of failure)
Confirm with . or Enter, or press ? or * to list all spells.
Aiming: Airstrike (safe; 1% risk of failure)
Press: ? - help, Dir - move target, f - guardian serpent
Aim: a guardian serpent (moderately wounded, ally target, anguished, empty space bonus: 0/8)
The air twists around and strikes the guardian serpent.
Your manticore disappears in a puff of smoke!
The guardian serpent hits your lightning spire.
The guardian serpent is wracked by anguish.
The naga spits poison at you.
The splash of poison hits you but does no damage.
You resist. The naga constricts you.
* * * LOW HITPOINT WARNING * * *
The naga is wracked by anguish.
The guardian serpent casts a spell at you.
The naga blinks!
The black mamba blinks!
The naga blinks! 😨 HP[-5] MP[-3]
You take 5 damage, and now have 41/129 hp.
You lost 3 mp, and now have 13/49 mp.
Unknown command.
Casting: Airstrike (safe; 1% risk of failure)
Confirm with . or Enter, or press ? or * to list all spells.
Aiming: Vampiric Draining (safe; 0% risk of failure)
Press: ? - help, Shift-Dir - straight line, f - naga, p - guardian serpent
Aim: a naga, wielding a +0 long sword (purple smoke, strong, anguished)
You feel a huge surge of power!
You draw life force from the naga!
You feel life coursing into your body! You block the black mamba's attack.
The guardian serpent hits your lightning spire!
The guardian serpent is wracked by anguish!
The black mamba closely misses you. You block the naga's attack.
Your salamander zombie barely misses the naga.
The naga hits you with a +0 glaive.
* * * LOW HITPOINT WARNING * * *
The naga is wracked by anguish.
The naga constricts you.
* * * LOW HITPOINT WARNING * * *
The naga is wracked by anguish.
The naga hits you with a +0 long sword.
* * * LOW HITPOINT WARNING * * *
Your lightning spire shoots out a bolt of lightning at the guardian serpent!
The bolt of electricity hits the guardian serpent! 😨 HP[-6] MP[-2]
You take 6 damage, and now have 35/129 hp.
You lost 2 mp, and now have 11/49 mp.
Really attack while wielding your staff of death {!a}?
Okay, then.
Casting: Vampiric Draining (safe; 0% risk of failure)
Confirm with . or Enter, or press ? or * to list all spells.
You don't know that spell.
Casting: Vampiric Draining (safe; 0% risk of failure)
Confirm with . or Enter, or press ? or * to list all spells.
Aiming: Vampiric Draining (safe; 0% risk of failure)
Press: ? - help, Shift-Dir - straight line, f/p - naga
Aim: a naga, wielding a +0 long sword (heavily wounded, strong, ally target, anguished)
You feel a huge surge of power!
You draw life force from the naga!
You feel life coursing into your body.
Your eight-headed hydra disappears in a puff of smoke!
You block the black mamba's attack.
The bolt of poison hits your lightning spire.
Your lightning spire completely resists.
A bolt of poison appears from out of your range of vision.
The bolt of poison hits you but does no damage.
You resist.
The bolt of poison hits the naga.
The naga is poisoned.
The naga hits you with a +0 long sword!!
* * * LOW HITPOINT WARNING * * *
The naga is wracked by anguish!!
The naga dies!
The dead are walking!
The black mamba closely misses you.
Your salamander zombie hits the naga.
The naga barely misses your salamander zombie.
The naga constricts you. Something hits your lightning spire!!
Your lightning spire is destroyed!
Your lightning spire disappears in a puff of smoke!
You feel a bit more experienced.
The naga hits you with a +0 long sword!!
You die...

Skill      XL: |  1  2  3  4  5  6  7  8  9 10 11 12 13 14 15 16 17 |
---------------+----------------------------------------------------+-----
Spellcasting   | 3 4 5 6 8 9 13 15 16 | 16.6
Necromancy     | 5 6 7 9 11 12 15 | 15.6
Shields        | 5 |  5.0
Fighting       | 5 8 |  8.7
Stealth        | 2 |  2.1
Conjurations   | 3 4 7 |  7.5
Air Magic      | 3 5 6 |  6.7
Poison Magic   | 6 |  6.1
Hexes          | 2 3 4 8 |  8.1
Transmutations | 2 6 7 8 |  8.7
Summonings     | 7 9 12 | 12.6
Dodging        | |  1.5

Action                   |  1- 3 |  4- 6 |  7- 9 | 10-12 | 13-15 | 16-18 || total
-------------------------+-------+-------+-------+-------+-------+-------++-------
Melee: Dagger            |    17 |     7 |    50 |     1 |       |       ||    75
       Staff             |       |       |    10 |    36 |   109 |       ||   155
       Quarterstaff      |       |       |       |    12 |       |       ||    12
       Flail             |       |       |       |     8 |       |       ||     8
Throw: Dart              |       |       |     2 |     8 |       |       ||    10
       Throwing net      |       |       |       |     1 |       |       ||     1
 Cast: Necrotize         |    61 |    89 |   279 |   429 |   279 |       ||  1137
       Vampiric Draining |       |       |    17 |   166 |   193 |    91 ||   467
       Agony             |       |       |       |     9 |       |       ||     9
       Mephitic Cloud    |       |       |       |     2 |     1 |       ||     3
       Airstrike         |       |       |       |     8 |   300 |   264 ||   572
       Olgreb's Toxic Ra |       |       |       |     4 |    44 |     1 ||    49
       Summon Lightning  |       |       |       |       |    29 |     2 ||    31
       Animate Dead      |       |       |       |       |    45 |    19 ||    64
       Summon Mana Viper |       |       |       |       |    31 |     3 ||    34
       Anguish           |       |       |       |       |     1 |    68 ||    69
       Monstrous Menager |       |       |       |       |    47 |    57 ||   104
       Summon Hydra      |       |       |       |       |       |     4 ||     4
Invok: Curse Item        |       |       |       |     4 |     1 |       ||     5
Evoke: Wand              |       |     1 |     6 |     4 |       |       ||    11
  Use: Scroll            |     6 |     2 |     3 |       |     5 |     4 ||    20
 Stab: Distracted        |       |       |     1 |     1 |       |       ||     2
       Sleeping          |       |       |       |     1 |     2 |       ||     3
Armor: Robe              |    11 |    14 |    39 |   162 |   258 |   114 ||   598
Dodge: Dodged            |    26 |    18 |    76 |   251 |   243 |   125 ||   739
Block: Buckler           |       |    14 |    67 |   246 |   282 |   118 ||   727
       Reflection        |       |     1 |     3 |    23 |    17 |    13 ||    57

Levels and vault maps discovered:
D:1:      lightli_arrival_flooded_house, layout_rooms, serial_shops, shop,
          dk_noncrumbling_3
D:2:      layout_basic
D:3:      layout_basic
D:4:      cheibrodos_barr_body, layout_layer_cave, kennysheep_mini_moat,
          mainiacjoe_overflow_boulevard, nicolae_gozag_zags_fifth_avenue,
          serial_glass, glass_columns_b, glass_columns_b
D:5:      nicolae_cairo_tiling, layout_cave_pods, bloody_makhleb
D:6:      layout_rooms, mainiacjoe_overflow_tiny_flanked, tgw_trog,
          minmay_temple_entry_ruins, uniq_grinder, uniq_blork_the_orc
D:7:      nzn_winding_woodlands_three_and_one
          [nzn_winding_woodlands_5x15_concentric,
          nzn_winding_woodlands_5x15_twine,
          nzn_winding_woodlands_5x15_lazy_stream,
          nzn_winding_woodlands_center_lodge], layout_basic,
          overflow_temple_1_default, lightli_minifort
D:8:      layout_loops_cross, nicolae_hepliaklqana_hippocampus,
          ashenzari_altar_1, lemuel_coloured_pillars_altar, david_lair_shrubbed,
          serial_shops, shop, nicolae_benzene_ring
D:9:      layout_layer_cave, zin_treasury, nicolae_vehumet_altar_sigil,
          serial_shops, shop_fountains, uniq_joseph, uniq_gastronok
D:10:     layout_basic, kennysheep_slug_shrine, orc_0_dummy
D:11:     layout_stronghold
D:12:     layout_cave_pods, nicolae_trove_entry_diagonal,
          grunt_dithmenos_shadows
D:13:     minmay_chopped_fan, layout_long_grid, grunt_vaults_entry_fortified,
          serial_ice, serial_ice_h, serial_ice_m, serial_ice_a, serial_ice_o,
          due_unseen_surprise, uniq_maurice, uniq_urug
D:14:     minmay_blocking_statues, layout_loops_ring,
          nicolae_figureground_sparkle, minmay_holes, amcnicky_mini_pool_small
D:15:     gammafunk_enter_depths_forms, layout_long_grid, nrook_uturn
Temple:   compressed_dpeg_triangle_lava_temple
Lair:1:   layout_small_grid, grunt_forest_stairs_basic, uniq_nergalle,
          uniq_prince_ribbit2, uniq_grum
Lair:2:   layout_chaotic_city, minmay_shoals_entry_centaurs
Lair:3:   layout_cave_pods, chequers_serial_rivers_room_a, grunt_megastairs_2
Lair:4:   layout_big_grid, minmay_snake_entry_guardpost_medium,
          ebering_ghost_rock_garden, chequers_serial_rivers_large_b,
          serial_bayou_pond_a, amcnicky_altar_lugonu_corruption
Lair:5:   layout_regular_city, slime_altar_1, st_stairs_7
Lair:6:   grunt_lair_end_beastmaster, layout_misc_corridors,
          infiniplex_staircase_pool
Shoals:1: layout_shoals, serial_shops, nicolae_shop_competitors_out_of_business,
          nicolae_shop_advertising_works [nicolae_subvault_shop_adworks], shop,
          nicolae_shop_trees, nicolae_shop_waterfront,
          nicolae_shoals_spectral_cove, uniq_nikola, uniq_aizul, uniq_louise
Shoals:2: layout_shoals, uniq_polyphemus
Shoals:3: layout_shoals
Shoals:4: shoals_end_hangedman, layout_shoals, serial_shops, nicolae_shop_trees
Snake:1:  layout_basic
Snake:2:  layout_onion, serial_shops, bzr_entry_water, shop,
          nicolae_shop_waterfront, nicolae_diamond_shop,
          nicolae_snake_mages_go_home, grunt_megastairs_1
Snake:3:  nicolae_snake_hallway, layout_gridlike, uniq_jorgrun, uniq_vashnia
Orc:1:    nicolae_orc_accident_3, layout_caves, uniq_erica
Orc:2:    st_orc_congregation, layout_diamond_mine, basic_altar

Notes
Turn   | Place    | Note
-------+----------+-------------------------------------------
     0 | D:1      | skullybones the Mummy Necromancer began the quest for the
                  | Orb.
     0 | D:1      | Reached XP level 1. HP: 13/13 MP: 4/4
    43 | D:1      | Reached skill level 3 in Spellcasting
   260 | D:1      | Reached XP level 2. HP: 19/19 MP: 2/6
   363 | D:1      | Found Penusog's Jewellery Emporium.
   377 | D:1      | Reached skill level 4 in Spellcasting
   703 | D:1      | magus.rc [v1.11.3]
  1207 | D:2      | Gained mutation: You are in touch with the powers of death.
                  | [Mummy growth]
  1207 | D:2      | Reached XP level 3. HP: 24/24 MP: 5/8
  1419 | D:2      | Learned a level 3 spell: Vampiric Draining
  1440 | D:2      | You pick up a book of Minor Magic and begin reading...
  1440 | D:2      | You add the spells Magic Dart, Call Imp and Mephitic Cloud
                  | to your library.
  1474 | D:2      | Reached skill level 5 in Spellcasting
  2086 | D:2      | Identified 2 scrolls of acquirement
  2088 | D:2      | Acquired the +3 hat of Pondering {ponderous, Will+ MP+10
                  | Int+5}
  2088 | D:2      | Found the +3 hat of Pondering {ponderous, Will+ MP+10
                  | Int+5}
  2089 | D:2      | Acquired the +3 warlock's mirror {reflect}
  2089 | D:2      | Found the +3 warlock's mirror {reflect}
  2390 | D:3      | Reached XP level 4. HP: 30/30 MP: 11/11
  3311 | D:4      | Reached skill level 5 in Necromancy
  3316 | D:4      | Noticed a scorpion
  3388 | D:4      | Found a shadowy altar of Dithmenos.
  3401 | D:4      | Reached XP level 5. HP: 31/35 MP: 12/12
  3408 | D:4      | Reached skill level 6 in Necromancy
  3677 | D:4      | Reached XP level 6. HP: 41/41 MP: 13/13
  3730 | D:4      | Found a shimmering altar of Xom.
  3742 | D:4      | Reached skill level 7 in Necromancy
  4096 | D:4      | Found an opulent altar of Gozag.
  4106 | D:4      | Found Gozag's Platinum Reserve.
  4299 | D:4      | Reached XP level 7. HP: 44/46 MP: 14/14
  4384 | D:4      | Reached skill level 8 in Necromancy
  4553 | D:5      | Entered Level 5 of the Dungeon
  4836 | D:5      | Reached skill level 9 in Necromancy
  5061 | D:5      | Reached skill level 6 in Spellcasting
  5077 | D:5      | Reached XP level 8. HP: 52/52 MP: 17/17
  5295 | D:5      | Reached skill level 7 in Spellcasting
  5637 | D:5      | Found the +2 ratskin cloak {*Rats rPois rN+ Str-1 Int-1
                  | Dex+1}
  5644 | D:5      | Found a burning altar of Makhleb.
  6142 | D:5      | Reached skill level 1 in Shields
  6142 | D:5      | Reached skill level 8 in Spellcasting
  6236 | D:6      | Reached skill level 2 in Shields
  6282 | D:6      | Reached skill level 3 in Shields
  6311 | D:6      | Found a staircase to the Ecumenical Temple.
  6326 | Temple   | Entered the Ecumenical Temple
  6620 | D:6      | Noticed Grinder
  6634 | D:6      | Killed Grinder
  6635 | D:6      | Reached skill level 4 in Shields
  6701 | D:6      | Found an iron altar of Okawaru.
  6715 | D:6      | Reached skill level 5 in Shields
  6715 | D:6      | Reached XP level 9. HP: 51/58 MP: 21/21
  6725 | D:6      | Reached skill level 1 in Fighting
  6873 | D:6      | Noticed Blork the orc
  6880 | D:6      | Killed Blork the orc
  6881 | D:6      | Reached skill level 2 in Fighting
  6993 | D:6      | Noticed a moth of wrath
  6996 | D:6      | Found a bloodstained altar of Trog.
  7260 | D:7      | Reached skill level 3 in Fighting
  7469 | D:7      | Found a hide-covered altar of Uskayaw.
  7783 | D:7      | Reached skill level 4 in Fighting
  8067 | D:7      | Reached skill level 10 in Necromancy
  8265 | D:7      | Noticed a cyclops
  8283 | D:7      | Learned a level 5 spell: Agony
  8581 | D:8      | Found a hazy altar of Hepliaklqana.
  8667 | D:8      | Found a broken altar of Ashenzari.
  8728 | D:8      | Became a worshipper of Ashenzari the Shackled
  8876 | D:8      | Found Veollaem's Weapon Boutique.
  9474 | D:8      | Found a staircase to the Lair.
  9475 | D:8      | Noticed a komodo dragon
  9492 | D:8      | Killed a komodo dragon
  9493 | D:8      | Reached skill level 5 in Fighting
  9493 | D:8      | Reached skill level 11 in Necromancy
  9493 | D:8      | Reached XP level 10. HP: 74/74 MP: 22/22
  9785 | D:9      | Found Uteleli's Jewellery Shoppe.
 10425 | D:9      | Noticed a two-headed ogre
 10435 | D:9      | Killed a two-headed ogre
 10436 | D:9      | Reached skill level 12 in Necromancy
 10470 | D:9      | Noticed Joseph
 10487 | D:9      | Killed Joseph
 10488 | D:9      | Reached skill level 2 in Stealth
 10632 | D:9      | Learned a level 3 spell: Mephitic Cloud
 10655 | D:9      | Found a radiant altar of Vehumet.
 10802 | D:9      | Noticed Gastronok
 10814 | D:9      | Killed Gastronok
 10815 | D:9      | Reached skill level 9 in Spellcasting
 10815 | D:9      | Reached skill level 2 in Conjurations
 10815 | D:9      | Reached skill level 2 in Air Magic
 10877 | D:9      | Noticed a two-headed ogre
 11196 | D:9      | Killed a two-headed ogre
 11242 | D:9      | Reached skill level 3 in Conjurations
 11242 | D:9      | Reached skill level 3 in Air Magic
 11571 | D:9      | Noticed a two-headed ogre
 11588 | D:9      | Killed a two-headed ogre
 11589 | D:9      | Reached XP level 11. HP: 80/80 MP: 24/24
 11943 | D:10     | Entered Level 10 of the Dungeon
 12067 | D:10     | Found a snail-covered altar of Cheibriados.
 12159 | D:10     | Reached * piety under Ashenzari
 12268 | D:10     | Identified the +1 flail of Propriety {venom, rN+ Str+7
                  | SInv}
 12525 | D:10     | Found a staircase to the Orcish Mines.
 12882 | D:10     | Reached ** piety under Ashenzari
 13011 | Lair:1   | Entered Level 1 of the Lair of Beasts
 13011 | Lair:1   | Noticed a four-headed hydra
 13021 | Lair:1   | Killed a four-headed hydra
 13022 | Lair:1   | Reached skill level 4 in Air Magic
 13144 | Lair:1   | Noticed Nergalle
 13177 | Lair:1   | Noticed a spectral orc warlord
 13179 | Lair:1   | Killed Nergalle
 13180 | Lair:1   | Reached skill level 10 in Spellcasting
 13306 | Lair:1   | Reached skill level 5 in Air Magic
 13344 | Lair:1   | Noticed Prince Ribbit
 13354 | Lair:1   | Killed Prince Ribbit
 13381 | Lair:1   | Reached skill level 11 in Spellcasting
 13564 | Lair:1   | You pick up a book of Hexes and begin reading...
 13564 | Lair:1   | You add the spells Inner Flame, Cause Fear and Discord to
                  | your library.
 13680 | Lair:1   | Reached skill level 12 in Spellcasting
 14042 | Lair:1   | Noticed Grum
 14063 | Lair:1   | Killed Grum
 14581 | Lair:2   | Reached skill level 13 in Spellcasting
 14655 | Lair:2   | You pick up a book of Storms and begin reading...
 14655 | Lair:2   | You add the spells Airstrike, Summon Lightning Spire and
                  | Lightning Bolt to your library.
 14661 | Lair:2   | Learned a level 4 spell: Airstrike
 14967 | Lair:1   | Reached XP level 12. HP: 91/91 MP: 30/30
 15127 | Lair:2   | Found a staircase to the Shoals.
 15210 | Lair:2   | You add the spells Olgreb's Toxic Radiance, Ozocubu's
                  | Refrigeration and Ignition to your library.
 15216 | Lair:2   | Learned a level 4 spell: Olgreb's Toxic Radiance
 15284 | Lair:2   | Reached skill level 1 in Poison Magic
 15299 | Lair:2   | Reached skill level 6 in Air Magic
 15477 | Lair:2   | Reached skill level 2 in Poison Magic
 15789 | Lair:2   | Noticed a catoblepas
 15900 | Lair:2   | Killed a catoblepas
 15901 | Lair:2   | Reached skill level 3 in Poison Magic
 16664 | Lair:3   | Reached skill level 4 in Poison Magic
 16787 | Lair:3   | Noticed a five-headed hydra
 16793 | Lair:3   | Killed a five-headed hydra
 16794 | Lair:3   | Reached skill level 5 in Poison Magic
 17163 | Lair:3   | Reached skill level 6 in Poison Magic
 17512 | Lair:3   | You pick up a book of Maledictions and begin reading...
 17512 | Lair:3   | You add the spells Anguish and Enfeeble to your library.
 17518 | Lair:3   | Learned a level 4 spell: Anguish
 17640 | Lair:4   | Found a one-way gate to the infinite horrors of the Abyss.
 17641 | Lair:4   | Found a corrupted altar of Lugonu.
 17669 | Lair:4   | Reached skill level 1 in Hexes
 17677 | Lair:4   | Reached skill level 1 in Transmutations
 17898 | Lair:4   | Reached skill level 2 in Hexes
 18075 | Lair:4   | Reached skill level 2 in Transmutations
 18188 | Lair:4   | Found a runed translucent gate.
 18188 | Lair:4   | Found a runed translucent gate.
 18188 | Lair:4   | Found a runed translucent gate.
 18190 | Lair:4   | Noticed Daelid's ghost (journeyman MfGl)
 18273 | Lair:4   | Gained mutation: You are strongly in touch with the powers
                  | of death. [Mummy growth]
 18273 | Lair:4   | Reached XP level 13. HP: 79/96 MP: 29/32
 18286 | Lair:4   | Reached skill level 3 in Hexes
 18317 | Lair:4   | Reached skill level 3 in Transmutations
 18476 | Lair:4   | Found a staircase to the Snake Pit.
 18827 | Lair:4   | Upgraded the game from 0.29-a0-643-ga013cefcf8 to
                  | 0.29-a0-648-g6b26cc9f40
 18827 | Lair:4   | magus.rc [v1.11.3]
 18953 | Lair:5   | Reached skill level 4 in Transmutations
 19256 | Lair:5   | Reached skill level 5 in Transmutations
 19538 | Lair:5   | Reached skill level 6 in Transmutations
 19542 | Lair:5   | Reached skill level 1 in Summonings
 19577 | Lair:5   | Found a staircase to the Slime Pits.
 19577 | Lair:5   | Found a viscous altar of Jiyva.
 19648 | Lair:5   | You pick up a book of Beasts and begin reading...
 19648 | Lair:5   | You add the spells Summon Ice Beast, Summon Mana Viper and
                  | Monstrous Menagerie to your library.
 20143 | Lair:5   | Acquired 869 gold pieces
 20145 | Lair:5   | Acquired the ring of Wyg Dats {Wiz rElec rF+}
 20154 | Lair:5   | Learned a level 4 spell: Summon Lightning Spire
 20160 | Lair:5   | Learned a level 5 spell: Summon Mana Viper
 20229 | Lair:6   | Entered Level 6 of the Lair of Beasts
 20254 | Lair:6   | Reached skill level 2 in Summonings
 20262 | Lair:6   | Reached skill level 3 in Summonings
 20386 | Lair:6   | You pick up a book of Displacement and begin reading...
 20386 | Lair:6   | You add the spells Lesser Beckoning, Gell's Gravitas and
                  | Teleport Other to your library.
 20402 | Lair:6   | You pick up a book of Blood and begin reading...
 20419 | Lair:6   | Reached skill level 4 in Summonings
 20469 | Lair:6   | You pick up a book of Maledictions and begin reading...
 20476 | Lair:6   | You pick up a book of Debilitation and begin reading...
 20476 | Lair:6   | You add the spells Slow and Confusing Touch to your
                  | library.
 20581 | Lair:6   | Learned a level 4 spell: Animate Dead
 20716 | Lair:6   | Reached skill level 5 in Summonings
 20949 | Lair:6   | Reached skill level 6 in Summonings
 21093 | Lair:6   | Reached skill level 7 in Summonings
 21093 | Lair:6   | Reached XP level 14. HP: 84/103 MP: 16/33
 21222 | Lair:6   | Identified the ring "Batavon" {Fire rPois Str-5 Int+2
                  | Dex+2}
 21226 | Lair:6   | Identified the +9 ice dragon scales of Compression {Harm
                  | rF- rC++ Slay+2}
 21407 | Lair:6   | Reached skill level 8 in Summonings
 21935 | Orc:1    | Entered Level 1 of the Orcish Mines
 22064 | Orc:1    | Reached skill level 6 in Fighting
 22257 | Orc:2    | Entered Level 2 of the Orcish Mines
 22361 | Orc:2    | Reached skill level 14 in Spellcasting
 22493 | Orc:2    | Found a staircase to the Elven Halls.
 23144 | Orc:2    | Noticed an orc warlord
 23340 | Orc:2    | Reached skill level 7 in Fighting
 23641 | Orc:2    | Killed an orc warlord
 23642 | Orc:2    | Reached skill level 9 in Summonings
 23792 | Orc:2    | Found Tuodauf's General Store.
 23792 | Orc:2    | Found Nismikhu's Antique Armour Shop.
 23792 | Orc:2    | Found Foargh's Jewellery Boutique.
 23792 | Orc:2    | Found Wata's Antique Weapon Shop.
 24391 | Orc:1    | Noticed Erica
 24396 | Orc:1    | Killed Erica
 24397 | Orc:1    | Reached skill level 15 in Spellcasting
 24760 | Orc:1    | Identified a potion of experience
 24841 | Orc:1    | Reached skill level 8 in Fighting
 26329 | D:12     | Learned a level 7 spell: Monstrous Menagerie
 26533 | D:12     | Reached XP level 15. HP: 115/115 MP: 30/35
 26966 | D:12     | Found a shadowy altar of Dithmenos.
 27127 | D:12     | Found a portal to a secret trove of treasure.
 27173 | D:12     | This trove requires the presence of the abyssal rune of Zot
                  | to function. Show it the item?
 27256 | D:12     | Reached skill level 10 in Summonings
 27594 | D:13     | You pick up a book of Spectacle and begin reading...
 27594 | D:13     | You add the spells Dazzling Flash, Iskenderun's Mystic
                  | Blast and Starburst to your library.
 27646 | D:13     | Reached skill level 16 in Spellcasting
 27932 | D:13     | Noticed a tengu reaver
 27940 | D:13     | HP: 12/115 [tengu reaver/+2 dire flail of draining (25)]
 27940 | D:13     | Killed a tengu reaver
 28512 | D:13     | Noticed Maurice
 28520 | D:13     | Killed Maurice
 28712 | D:13     | Identified the Catalogue of Displacement
 28944 | D:13     | Reached *** piety under Ashenzari
 28981 | D:13     | Found a gate to the Vaults.
 29471 | D:13     | You pick up a book of the Spheres and begin reading...
 29471 | D:13     | You add the spells Iskenderun's Battlesphere, Fireball,
                  | Conjure Ball Lightning and Orb of Destruction to your
                  | library.
 29507 | D:13     | Reached skill level 11 in Summonings
 29546 | D:13     | Noticed Urug
 29571 | D:13     | Killed Urug
 30619 | D:14     | Reached skill level 12 in Summonings
 31847 | D:15     | Entered Level 15 of the Dungeon
 31924 | D:15     | Reached XP level 16. HP: 110/123 MP: 11/38
 32246 | D:15     | Found a staircase to the Depths.
 32607 | D:15     | Reached skill level 13 in Necromancy
 33055 | D:15     | magus.rc [v1.11.3]
 33301 | Shoals:1 | Entered Level 1 of the Shoals
 33319 | Shoals:1 | Learned a level 7 spell: Summon Hydra
 33332 | Shoals:1 | Found Pyduenif's Assorted Antiques.
 33332 | Shoals:1 | Noticed Louise
 33334 | Shoals:1 | Found Lucucot's Assorted Antiques.
 33350 | Shoals:1 | Noticed Nikola
 33358 | Shoals:1 | Killed Nikola
 33426 | Shoals:1 | Found Urhasch's Antique Weapon Boutique.
 33518 | Shoals:1 | Reached skill level 14 in Necromancy
 33786 | Shoals:1 | Found Suntoschori's Distillery.
 33961 | Shoals:1 | Killed Louise
 34001 | Shoals:1 | Noticed Aizul
 34006 | Shoals:1 | Killed Aizul
 34076 | Shoals:1 | Found Kuoroak's General Store.
 34376 | Shoals:2 | Noticed Polyphemus
 34385 | Shoals:2 | Killed Polyphemus
 34386 | Shoals:2 | Reached skill level 15 in Necromancy
 34980 | Shoals:2 | Reached skill level 4 in Conjurations
 34980 | Shoals:2 | Reached skill level 4 in Hexes
 35554 | Shoals:3 | Reached skill level 7 in Transmutations
 36210 | Shoals:4 | Entered Level 4 of the Shoals
 36213 | Shoals:4 | Found Seack's Distillery.
 36266 | Shoals:4 | Reached XP level 17. HP: 129/129 MP: 39/39
 36296 | Shoals:4 | Reached skill level 5 in Hexes
 36311 | Shoals:4 | HP: 25/129 [merfolk javelineer/silver javelin (15)]
 36312 | Shoals:4 | Reached skill level 5 in Conjurations
 36322 | Shoals:4 | HP: 22/129 [merfolk javelineer/silver javelin (10)]
 36323 | Shoals:4 | HP: 10/129 [merfolk javelineer/silver javelin (10)]
 36936 | Shoals:4 | Identified the +3 falchion "Datevu" {speed, Str+4 Int+3}
 36994 | Shoals:4 | Identified the +6 short sword of the Queen {vorpal, SInv}
 37267 | Shoals:4 | Identified the +1 robe "Jetul" {rC++}
 37422 | Shoals:4 | Got a barnacled rune of Zot
 37493 | Shoals:4 | Reached skill level 6 in Hexes
 37703 | Shoals:4 | Identified the +5 scale mail "Xov Ment" {+Blink Regen+
                  | Int-2}
 37708 | Shoals:4 | Reached skill level 8 in Transmutations
 38106 | Snake:1  | Entered Level 1 of the Snake Pit
 38165 | Snake:1  | Reached skill level 6 in Conjurations
 38428 | Snake:1  | Identified the +1 pair of boots of Leec {Harm Will+ Regen+}
 39149 | Snake:2  | Reached skill level 7 in Hexes
 39192 | Snake:2  | Found a flickering gateway to a bazaar.
 39201 | Bazaar   | Entered a bazaar
 39222 | Bazaar   | Found Jojail's Jewellery Shoppe.
 39225 | Bazaar   | Found Cilotimy's Assorted Antiques.
 39230 | Bazaar   | Found Leuckyo's Assorted Antiques.
 39230 | Bazaar   | Found Uxuggoida's Magic Scroll Shoppe.
 39244 | Bazaar   | Bought a scroll of magic mapping for 35 gold pieces
 39244 | Bazaar   | Bought a scroll of teleportation for 30 gold pieces
 39244 | Bazaar   | Bought a scroll of teleportation for 30 gold pieces
 39244 | Bazaar   | Bought a scroll of poison for 35 gold pieces
 39256 | Bazaar   | Bought the amulet of Tiniergh {Reflect Rampage rF++ Str+6
                  | SH+5} for 671 gold pieces
 39675 | Snake:2  | Found Itic's General Store.
 39747 | Snake:2  | Found Jeikopyid's Antique Armour Boutique.
 40014 | Snake:2  | Reached skill level 7 in Conjurations
 40547 | Snake:2  | Found Limoh's Weapon Emporium.
 40558 | Snake:2  | You pick up a book of Changes and begin reading...
 40702 | Snake:3  | Reached skill level 8 in Hexes
 40729 | Snake:3  | HP: 17/129 [naga/+0 long sword (23)]
 40729 | Snake:3  | Mangled by a naga

Vanquished Creatures
  Gastronok (D:9)
  An orc warlord (Orc:2)
  An ettin (shapeshifter) (D:14)
  A merfolk impaler (Shoals:3)
  2 merfolk javelineers (Shoals:4)
  A yaktaur captain (D:13)
  3 boulder beetles
  2 vault guards (D:13)
  An ogre mage (D:15)
  5 hydras
  4 anacondas
  A merfolk avatar (Shoals:4)
  A catoblepas (Lair:2)
  5 two-headed ogres
  A ghost crab (Shoals:1)
  2 death yaks (Lair:6)
  Erica (Orc:1)
  4 centaur warriors
  3 naga warriors
  3 merfolk aquamancers
  5 orc high priests (Orc:2)
  Nergalle (Lair:1)
  A deep elf knight (D:14)
  A shock serpent (Snake:1)
  2 sea snakes
  6 harpies
  6 orc knights
  A deep elf archer (D:13)
  A lindwurm (Lair:5)
  3 wolf spiders (Orc:1)
  7 orc sorcerers
  2 mana vipers
  A faun (Shoals:2)
  2 slime creatures (D:13)
  6 ugly things
  Maurice (D:13)
  Joseph (D:9)
  2 merfolk sirens
  A guardian serpent (Snake:2)
  10 black mambas
  A water nymph (Shoals:2)
  18 elephants
  A gargoyle (D:13)
  8 cane toads
  A naga mage (Snake:2)
  2 rime drakes
  2 kobold demonologists
  9 komodo dragons
  A tengu conjurer (D:13)
  5 trolls
  6 merfolk
  A tarantella (Orc:1)
  A wind drake (Shoals:2)
  Grinder (D:6)
  2 polar bears
  19 blink frogs
  6 dream sheep
  Prince Ribbit (Lair:1)
  A centaur simulacrum (D:13)
  2 water elementals
  40 yaks
  A shadow (D:12)
  A wraith (D:12)
  4 wyverns
  A slime creature zombie (D:15)
  3 basilisks
  Grum (Lair:1)
  7 vampire mosquitoes
  A steam dragon (D:7)
  4 wargs
  11 nagas
  6 water moccasins
  27 orc warriors
  A black bear (Lair:5)
  An ice beast (D:6)
  A sky beast (D:6)
  6 ogres
  17 wolves
  12 centaurs
  2 phantoms
  3 kobold brigands
  Blork the orc (D:6)
  8 bullfrogs
  3 necrophages
  2 gnoll sergeants (D:8)
  4 scorpions
  6 wights
  4 killer bees (D:11)
  5 electric eels
  7 howler monkeys
  2 jellies
  3 hounds
  19 orc priests
  17 orc wizards
  5 iguanas
  14 gnolls
  12 adders
  4 white imps
  2 ufetubi (D:13)
  3 worms
  A worm (shapeshifter) (D:13)
  5 dart slugs
  68 orcs
  5 ball pythons
  5 bats
  3 endoplasms
  5 giant cockroaches
  3 goblins
  6 hobgoblins
  8 jackals (D:3)
  14 kobolds
  4 quokkas
  7 rats
596 creatures vanquished.

Vanquished Creatures (collateral kills)
  Nikola (Shoals:1)
  A tengu reaver (D:13)
  Aizul (Shoals:1)
  A stone giant (D:13)
  2 spectral krakens (Shoals:1)
  2 boulder beetles
  A great orb of eyes (D:15)
  5 hydras
  An ice dragon (D:15)
  An ogre mage (D:12)
  3 centaur warriors
  A catoblepas (Lair:6)
  11 two-headed ogres
  A rakshasa (D:15)
  An anaconda (Snake:1)
  2 naga warriors
  A ghost crab (Shoals:1)
  A merfolk aquamancer (Shoals:4)
  A deep troll shaman (Lair:6)
  6 death yaks
  A naga sharpshooter (Snake:1)
  2 shock serpents
  Urug (D:13)
  A skeletal warrior (D:14)
  2 salamander mystics (Snake:2)
  A sea snake (shapeshifter) (D:14)
  11 sea snakes
  A swamp dragon (shapeshifter) (D:15)
  An orc knight (D:13)
  A lindwurm (Lair:6)
  A deep elf pyromancer (D:12)
  8 mana vipers
  10 harpies
  12 ugly things
  8 manticores
  A faun (Shoals:3)
  2 cyclopes
  A salamander (Snake:2)
  5 merfolk sirens
  7 black mambas
  A guardian serpent (shapeshifter) (D:14)
  3 naga magi (Snake:2)
  5 elephants
  2 gargoyles (D:11)
  A cane toad (Lair:3)
  6 water nymphs
  An unseen horror (D:11)
  A spectral sea snake (Shoals:1)
  A freezing wraith (D:14)
  A komodo dragon (shapeshifter) (D:13)
  16 merfolk
  3 spectral merfolk (Shoals:1)
  A spectral harpy (Shoals:1)
  2 trolls
  A wind drake (Shoals:3)
  6 slime creatures
  11 blink frogs
  7 dream sheep
  7 snapping turtles
  A spectral wind drake (Shoals:1)
  A shadow (D:11)
  18 yaks
  A vampire (D:13)
  11 water elementals
  A nameless horror (D:12)
  3 wraiths
  5 vampire mosquitoes
  A warg (Orc:2)
  12 nagas
  A water moccasin (shapeshifter) (D:14)
  3 water moccasins
  An ice beast (D:13)
  A black bear (Lair:6)
  11 orc warriors
  3 ogres
  2 centaurs
  6 wolves
  A kobold brigand (D:12)
  3 bullfrogs
  A gnoll sergeant (D:7)
  2 killer bees (D:11)
  A howler monkey (D:11)
  3 electric eels (Snake:1)
  A jelly (D:7)
  8 orc wizards
  An adder (D:4)
  2 gnolls (D:8)
  A white imp (D:13)
  19 orcs
  A ball python (D:1)
  4 kobolds (D:12)
  2 tentacles (Shoals:1)
329 creatures vanquished.

Vanquished Creatures (others)
  Polyphemus (Shoals:2)
  Louise (Shoals:1)
  3 merfolk impalers
  An ogre mage (D:13)
  A catoblepas (Shoals:2)
  A merfolk aquamancer (Shoals:4)
  A naga warrior (Snake:2)
  A death yak (Shoals:2)
  2 shock serpents (Snake:1)
  A naga sharpshooter (Snake:1)
  A sea snake (Shoals:3)
  2 tengu zombies (D:13)
  An anaconda zombie (Snake:1)
  4 harpies
  9 ugly thing zombies
  2 salamanders
  A faun (Shoals:3)
  4 centaur zombies
  A manticore (Shoals:4)
  An elephant (Lair:5)
  2 guardian serpents (Snake:3)
  3 death yak zombies (Lair:6)
  4 sea snake zombies
  7 harpy zombies
  3 merfolk
  2 hydra zombies (D:14)
  A human zombie (D:13)
  An ettin zombie (D:14)
  A boulder beetle zombie (D:13)
  2 snapping turtles (Shoals:4)
  A great orb of eyes zombie (D:15)
  5 black mamba zombies
  2 slime creature zombies (D:15)
  A faun zombie (Shoals:2)
  4 nagas
  3 water nymph zombies
  5 two-headed ogre zombies
  6 merfolk zombies
  2 elephant zombies (Lair:6)
  3 manticore zombies
  3 snapping turtle zombies
  A swamp dragon zombie (D:15)
  4 vampire mosquito zombies
  A water moccasin zombie (D:14)
  A polar bear zombie (D:13)
  4 troll zombies
  A warg zombie (Orc:2)
  6 yak zombies
  An orc wizard (D:6)
  3 ogre zombies
  3 naga zombies (Snake:2)
  58 orc zombies
  24 fungi
  2 lurking horrors (Lair:4)
  104 plants
  6 tentacles (Shoals:1)
  5 withered plants (Shoals:1)
324 creatures vanquished.

Grand Total: 1249 creatures vanquished

Table legend:
 A = Non-vault XP
 B = Vault XP
 C = Vault XP percentage of total XP
 D = Non-vault monster count
 E = Vault monster count
 F = Vault count percentage of total count
                 A         B        C        D         E       F
            +---------+---------+-------+---------+---------+-------
      Total |  179502 |   97783 |  35.3 |     682 |     274 |  28.7
            +---------+---------+-------+---------+---------+-------
        D:1 |      38 |       0 |   0.0 |      19 |       0 |   0.0
        D:2 |      49 |       0 |   0.0 |      10 |       0 |   0.0
        D:3 |      63 |       0 |   0.0 |      21 |       0 |   0.0
        D:4 |     658 |     127 |  16.2 |      16 |      12 |  42.9
        D:5 |    1073 |       0 |   0.0 |      35 |       0 |   0.0
        D:6 |     761 |     387 |  33.7 |      15 |       7 |  31.8
        D:7 |     316 |    1228 |  79.5 |       4 |      16 |  80.0
        D:8 |     888 |     343 |  27.9 |      19 |       1 |   5.0
        D:9 |    3960 |    1874 |  32.1 |      20 |       2 |   9.1
       D:10 |     782 |       4 |   0.5 |      15 |       1 |   6.2
       D:11 |    4948 |       0 |   0.0 |      24 |       0 |   0.0
       D:12 |   12292 |     219 |   1.8 |      43 |       1 |   2.3
       D:13 |    7947 |   15425 |  66.0 |      18 |      32 |  64.0
       D:14 |    5747 |    9331 |  61.9 |       8 |      15 |  65.2
       D:15 |   11881 |    5234 |  30.6 |      21 |       8 |  27.6
     Lair:1 |    5821 |    2507 |  30.1 |      23 |      10 |  30.3
     Lair:2 |    7015 |     332 |   4.5 |      29 |       3 |   9.4
     Lair:3 |    5847 |      93 |   1.6 |      20 |       1 |   4.8
     Lair:4 |    4748 |    1114 |  19.0 |      23 |       7 |  23.3
     Lair:5 |   10103 |     133 |   1.3 |      33 |       1 |   2.9
     Lair:6 |   11712 |    9907 |  45.8 |      39 |      18 |  31.6
   Shoals:1 |   10702 |   10165 |  48.7 |      22 |      13 |  37.1
   Shoals:2 |    9390 |    4655 |  33.1 |      18 |       5 |  21.7
   Shoals:3 |   10194 |       0 |   0.0 |      23 |       0 |   0.0
   Shoals:4 |   10536 |   14209 |  57.4 |      24 |      28 |  53.8
    Snake:1 |   17013 |       0 |   0.0 |      36 |       0 |   0.0
    Snake:2 |   12296 |    7194 |  36.9 |      27 |      16 |  37.2
    Snake:3 |    3360 |       0 |   0.0 |       7 |       0 |   0.0
      Orc:1 |    2181 |    3114 |  58.8 |      27 |      12 |  30.8
      Orc:2 |    7181 |   10188 |  58.7 |      43 |      65 |  60.2
            +---------+---------+-------+---------+---------+-------

Illustrated notes

Table legend:
 A = Kills in this place as a percentage of kills in entire the game.
 B = Kills by you in this place as a percentage of kills by you in the entire game.
 C = Kills by friends in this place as a percentage of kills by friends in the entire game.
 D = Other kills in this place as a percentage of other kills in the entire game.
 E = Experience gained in this place as a percentage of experience gained in the entire game.
 F = Experience gained in this place divided by the number of levels of this place that you have seen.
                   A       B       C       D       E      F
               +-------+-------+-------+-------+-------+----------------------
         Total | 100.0 | 100.0 | 100.0 | 100.0 | 100.0 | 8665.2
       Dungeon |  40.1 |  45.9 |  33.4 |   5.4 |  30.9 | 5705.0
          Lair |  21.7 |  25.0 |  17.2 |   8.1 |  21.4 | 9888.7
        Shoals |  13.9 |   4.7 |  26.1 |  54.1 |  25.2 | 17462.8
     Snake Pit |   9.0 |   5.1 |  13.5 |  32.4 |  14.4 | 13287.7
  Orcish Mines |  15.4 |  19.4 |   9.8 |   0.0 |   8.2 | 11332.0
               +-------+-------+-------+-------+-------+----------------------

Table legend: (Time is in decaauts)
 A = Elapsed time spent in this place.
 B = Non-inter-level travel time spent in this place.
 C = Inter-level travel time spent in this place.
 D = Time resting spent in this place.
 E = Time spent auto-exploring this place.
 F = Levels seen in this place.
 G = Mean time per level.
                   A        B        C        D        E       F      G
               +--------+--------+--------+--------+--------+-----+--------+
         Total |  43427 |  41332 |   2095 |   1334 |  31914 |  32 | 1357.1 |
       Dungeon |  22293 |  21240 |   1053 |    794 |  16769 |  15 | 1486.2 |
        Temple |    302 |    302 |      0 |      0 |    268 |   1 |  302.0 |
          Lair |   9460 |   9052 |    408 |     30 |   7157 |   6 | 1576.7 |
        Shoals |   5273 |   4971 |    302 |    506 |   3477 |   4 | 1318.2 |
     Snake Pit |   2577 |   2489 |     88 |      0 |   1878 |   3 |  859.0 |
  Orcish Mines |   3201 |   2958 |    243 |      4 |   2085 |   2 | 1600.5 |
        Bazaar |    319 |    319 |      0 |      0 |    277 |   1 |  319.0 |
               +--------+--------+--------+--------+--------+-----+--------+

Top non-repeatable levels by time:
    D:13: 2816 daAuts
     D:9: 2249 daAuts
   Orc:2: 2163 daAuts
  Lair:1: 1855 daAuts
    D:14: 1795 daAuts
     D:5: 1763 daAuts
     D:8: 1688 daAuts
  Lair:2: 1675 daAuts
  Lair:6: 1585 daAuts
Shoals:3: 1565 daAuts
  Lair:3: 1521 daAuts
Shoals:4: 1515 daAuts
  Lair:5: 1494 daAuts
 Snake:2: 1417 daAuts
    D:11: 1393 daAuts
